 Dungeon Crawl Stone Soup version 0.19.1-28-ge1247f7 (webtiles) character file.

854 Alarkh the Cleaver (level 7, 0/53 HPs)
             Began as a Demonspawn Monk on Jan 21, 2017.
             Succumbed to Vajrapani's ghost's poison
             ... on level 4 of the Dungeon.
             The game lasted 00:05:30 (5508 turns).

Alarkh the Cleaver (Demonspawn Monk)                Turns: 5508, Time: 00:05:31

Health: 0/53       AC:  7    Str: 11    XL:     7   Next: 70%
Magic:  7/7        EV: 13    Int: 14    God:
Gold:   204        SH:  0    Dex: 15    Spells: 0 memorised, 6 levels left

rFire  . . .     SeeInvis .     a - +0 hand axe
rCold  . . .     Gourm    .     h - +1 robe {rN+}
rNeg   + . .     Faith    .     (no shield)
rPois  .         Spirit   .     (no helmet)
rElec  .         Reflect  .     (no cloak)
rCorr  .         Harm     .     (no gloves)
MR     .....                    (no boots)
Stlth  ++........               (no amulet)
                                (no ring)
                                m - +3 ring of protection

@: lethally poisoned (0 -> -33)
A: hooves 1, rugged brown scales 1, powered by pain 2
a: no special abilities


You were on level 4 of the Dungeon.
You were hungry.

You visited 1 branch of the dungeon, and saw 4 of its levels.

You collected 204 gold pieces.

Inventory:

Hand Weapons
 a - a +0 hand axe (weapon)
Armour
 b - a +0 robe
 h - a +1 robe of positive energy (worn)
Jewellery
 m - a +3 ring of protection (left hand)
Scrolls
 d - a scroll of recharging
 e - a scroll of identify
 i - a scroll of amnesia
 o - a scroll of random uselessness
Comestibles
 c - 2 bread rations
 j - a beef jerky
 k - 8 fruits
 l - a meat ration


   Skills:
 - Level 3.0 Fighting
 + Level 8.5 Axes
 - Level 2.6 Dodging
 - Level 1.7 Stealth


You had 6 spell levels left.
You didn't know any spells.

Dungeon Overview and Level Annotations

Branches:
Dungeon (4/15)
 Temple: D:4-7

Altars:
Fedhas

Annotations:
D:4 Vajrapani's ghost, amateur DsWn


Innate Abilities, Weirdness & Mutations

You have large cloven feet.
You are partially covered in rugged brown scales. (AC +1, +3% HP)
You sometimes gain power by taking damage.


Message History

Vajrapani's ghost hits you but does no damage.
You are more poisoned.
The worker ant closely misses you. Something hits you.
* * * LOW HITPOINT WARNING * * *
You barely miss something. Your kick misses something. You hit the worker ant.
You hit the orc.
You kill the orc!
You hit Vajrapani's ghost but do no damage.
* * * LOW HITPOINT WARNING * * *
You feel very sick. The worker ant closely misses you.
You hit something. You closely miss Vajrapani's ghost. You hit the worker ant.
* * * LOW HITPOINT WARNING * * *
You feel very sick. Vajrapani's ghost hits you.
* * * LOW HITPOINT WARNING * * *
Something hits you but does no damage. The worker ant barely misses you.
You hit something but do no damage. You kick something.
You hit Vajrapani's ghost. You hit the worker ant.
You die...

...$ ........#. .... .........
..... .......# .# ....
>.....###.. ... ..#....#.##.
#.##...#......
...##.).W..#.....
......a@.##..... .. ...#
..........#.# .# ..# ###...##
....#...(...##.###..
#......##..................###
..................#...##....##
....>...#............#.#..#...
.#.....##......##.##....#...
.. #.......#......##.#...#.#.#
..# #@# .#...##..........#..<#
#(#


You could see a worker ant and Vajrapani's ghost.

Vanquished Creatures
  Pikel (D:4)
  A sky beast (D:3)
  A slave (D:4)
  An orc priest (D:4)
  2 bullfrog skeletons (D:4)
  8 adders
  3 oozes
  2 worms
  3 dart slugs
  2 leopard geckos
  5 orcs
  3 ball pythons
  8 bats
  6 giant cockroaches
  18 hobgoblins
  3 jackals (D:1)
  A quokka (D:3)
  8 frilled lizards
  13 goblins
  10 kobolds
  A quokka skeleton (D:4)
  10 rats
110 creatures vanquished.

Vanquished Creatures (others)
  Edmund (D:4)
  A slave (D:4)
2 creatures vanquished.

Grand Total: 112 creatures vanquished

Notes
Turn   | Place    | Note
-------+----------+-------------------------------------------
     0 | D:1      | Alarkh the Demonspawn Monk began the quest for the Orb.
     0 | D:1      | Reached XP level 1. HP: 18/18 MP: 1/1
     3 | D:1      | Noticed an electric eel
     3 | D:1      | Noticed an electric eel
    66 | D:1      | Reached skill level 3 in Axes
   402 | D:1      | Gained mutation: You are partially covered in rugged brown scales. (AC +1, +3% HP) [demonic ancestry]
   402 | D:1      | Reached XP level 2. HP: 14/24 MP: 2/2
  1079 | D:1      | Gained mutation: You sometimes gain a little power by taking damage. [demonic ancestry]
  1079 | D:1      | Reached XP level 3. HP: 15/29 MP: 3/3
  1395 | D:1      | Reached skill level 4 in Axes
  1973 | D:2      | Reached XP level 4. HP: 13/36 MP: 4/4
  3096 | D:3      | Reached skill level 5 in Axes
  3379 | D:3      | Reached XP level 5. HP: 40/42 MP: 5/5
  3624 | D:3      | Noticed a sky beast
  3681 | D:3      | Killed a sky beast
  3681 | D:3      | Reached skill level 6 in Axes
  4024 | D:3      | Found a blossoming altar of Fedhas.
  4088 | D:3      | Gained mutation: You sometimes gain power by taking damage. [demonic ancestry]
  4088 | D:3      | Reached XP level 6. HP: 35/48 MP: 6/6
  4549 | D:4      | Noticed Edmund
  4663 | D:4      | Noticed a slave
  4664 | D:4      | Noticed a slave
  4666 | D:4      | Noticed a slave
  4673 | D:4      | Noticed Pikel
  4676 | D:4      | Noticed a slave
  4677 | D:4      | Killed a slave
  4697 | D:4      | Killed Pikel
  4697 | D:4      | Reached skill level 8 in Axes
  4697 | D:4      | Gained mutation: You have large cloven feet. [demonic ancestry]
  4697 | D:4      | Reached XP level 7. HP: 30/53 MP: 7/7
  4715 | D:4      | Killed Edmund
  4841 | D:4      | Noticed Vajrapani's ghost (amateur DsWn)
  5507 | D:4      | HP: 2/53 [Vajrapani's ghost (4)]
  5508 | D:4      | Succumbed to Vajrapani's ghost's poison

Skill      XL: |  1  2  3  4  5  6 |
---------------+-------------------+-----
Axes           | 3 4 5 6 8 |  8.5
Fighting       | |  3.0
Dodging        | |  2.6
Stealth        | |  1.7

Action                   |  1- 3 |  4- 6 |  7- 9 || total
-------------------------+-------+-------+-------++-------
Melee: Hand axe          |   158 |   295 |    63 ||   516
       Kick              |       |       |    20 ||    20
  Use: Potion            |     1 |     6 |       ||     7
       Scroll            |       |     3 |     2 ||     5
 Stab: Sleeping          |     2 |     5 |       ||     7
  Eat: Chunk             |     3 |     9 |     1 ||    13
       Beef jerky        |       |       |     1 ||     1
Armor: Robe              |    36 |    61 |    24 ||   121
       Skin              |       |    20 |       ||    20
Dodge: Dodged            |   122 |   160 |    35 ||   317
